 Dungeon Sprint DCSS version 0.18-a0-1323-g706dcef (webtiles) character file.

60 Kidiri the Insei (level 3, -1/30 HPs)
             Began as a Draconian Transmuter on Feb 15, 2016.
             Was a Believer of Qazlal.
             Slain by a gnoll shaman
             ... wielding a +0 whip
              (5 damage)
             ... in the Dungeon (Sprint VII: "The Pits").
             The game lasted 00:01:34 (164 turns).

Kidiri the Insei (Draconian Transmuter)              Turns: 164, Time: 00:01:34

Health: -1/30      AC:  5    Str: 12    XL:     3   Next: 82%
Magic:  3/7        EV: 13    Int: 13    God:    Qazlal [**....]
Gold:   0          SH:  3    Dex: 12    Spells: 1 memorised, 6 levels left

rFire  . . .     SeeInvis .       - Unarmed
rCold  . . .     Gourm    .     (armour unavailable)
rNeg   . . .     Faith    .     (no shield)
rPois  .         Spirit   .     (helmet restricted)
rElec  .         Dismiss  .     (no cloak)
rCorr  .         Reflect  .     (no gloves)
SustAt .         Harm     .     (boots currently unavailable)
MR     .....     NoTele   +     (no amulet)
Stlth  +.........               (no ring)
                                (no ring)

@: exhausted, appendage, slowed, very slow, not resistant to hostile
enchantments, very unstealthy
A: unfitting armour, talons 3, cold-blooded, AC +5
a: End Transformation, Upheaval, Renounce Religion


You were in the Dungeon.
You worshipped Qazlal.
Qazlal was pleased with you.
You were not hungry.
You had grown temporary talons.
You visited 1 branch

Inventory:

Missiles
 a - 12 arrows
Scrolls
 i - a scroll of blinking
 m - 3 scrolls of remove curse
 n - 5 scrolls of amnesia
 o - a scroll of summoning
Potions
 d - a potion of curing
 f - a potion of haste
 g - 4 potions of magic
 h - 2 potions of berserk rage
 l - 2 potions of invisibility
Books
 b - a book of Changes

   Spells                             Type                      Level
   a - Beastly Appendage              Transmutation                1
   b - Sticks to Snakes               Transmutation                2
   c - Spider Form                    Transmutation/Poison         3
   d - Ice Form                       Ice/Transmutation            4
   e - Blade Hands                    Transmutation                5
Comestibles
 c - 8 bread rations
 j - 40 fruits
 k - 7 meat rations
 p - 2 chunks of flesh


   Skills:
 + Level 2.9 Fighting
 * Level 3.5 Dodging
 * Level 4.6 Unarmed Combat
 + Level 2.8 Spellcasting
 * Level 4.2 Transmutations
 + Level 2.1 Invocations


You had 6 spell levels left.
You knew the following spells:

 Your Spells              Type           Power        Failure   Level  Hunger
a - Beastly Appendage     Trmt           ##....       6%          1    #......


Dungeon Overview and Level Annotations

Branches:
Dungeon (1/1)

Altars:
Ashenzari
Cheibriados
Dithmenos
Elyvilon
Fedhas
Gozag
Kikubaaqudgha
Makhleb
Nemelex Xobeh
Okawaru
Pakellas
Qazlal
Ru
Sif Muna
Trog
Vehumet
Xom
Yredelemnul
Zin
The Shining One
Beogh
Jiyva
Lugonu


Innate Abilities, Weirdness & Mutations

Your plain brown scales are hard (AC +5).
Your body does not fit into most forms of armour.
You are cold-blooded and may be slowed by cold attacks.
You have claws for feet.


Message History

You feel much better.
The gnoll hits you from afar with a spear.
The gnoll shaman hits you with a whip. The gnoll barely misses you.
Drink which item? (? for menu, Esc to quit)
Okay, then.
You hit the gnoll shaman. Your kick misses the gnoll shaman.
The gnoll shaman is moderately wounded.
You block the gnoll's attack. The gnoll shaman closely misses you.
The gnoll hits you from afar with a spear.
The gnoll shaman hits you with a whip.
You barely miss the gnoll shaman. Your punch misses the gnoll shaman.
The gnoll shaman is moderately wounded.
The gnoll hits you from afar with a spear!
* * * LOW HITPOINT WARNING * * *
The gnoll barely misses you. The gnoll shaman misses you.
Unknown command.
Drink which item? (? for menu, Esc to quit)
Okay, then.
The gnoll shaman hits you with a whip.
You die...

#__________#
#_#####+##############++
#_#)))+.+..##...........
#_#)))#.#?(##......#..#.
#######+#####...........
#...........'...........
#+#####)#####......#..#.
#. #...'.##...........
#..#...#@#####+#####++
#..#####g##.......#
#..'...#g##.......#
#..'.g.'%##.......#
#..########...<...# #.
#.......# # #.......#
#.......# #########


You could see a gnoll shaman and a gnoll.

Vanquished Creatures
  A worker ant (D)
  3 gnolls (D)
  An orc (D)
  2 giant cockroaches (D)
  A goblin (D)
  A giant newt (D)
  A rat (D)
10 creatures vanquished.

Notes
Turn   | Place    | Note
--------------------------------------------------------------
     0 | D        | Kidiri the Draconian Transmuter began the quest for the Orb.
     0 | D        | Reached XP level 1. HP: 16/16 MP: 3/3
    40 | D        | Found a sacrificial altar of Ru.
    40 | D        | Found a basalt altar of Yredelemnul.
    40 | D        | Found a shadowy altar of Dithmenos.
    40 | D        | Found a deep blue altar of Sif Muna.
    40 | D        | Found a burning altar of Makhleb.
    40 | D        | Found a shimmering altar of Xom.
    40 | D        | Found an ancient bone altar of Kikubaaqudgha.
    40 | D        | Found a sparkling altar of Nemelex Xobeh.
    41 | D        | Found a glowing golden altar of the Shining One.
    41 | D        | Found a bloodstained altar of Trog.
    41 | D        | Found a shattered altar of Ashenzari.
    41 | D        | Found a white marble altar of Elyvilon.
    41 | D        | Found a snail-covered altar of Cheibriados.
    41 | D        | Found a blossoming altar of Fedhas.
    41 | D        | Found a radiant altar of Vehumet.
    41 | D        | Found a glowing silver altar of Zin.
    41 | D        | Found a corrupted altar of Lugonu.
    41 | D        | Found a viscous altar of Jiyva.
    41 | D        | Found a roughly hewn altar of Beogh.
    41 | D        | Found an iron altar of Okawaru.
    42 | D        | Found an oddly glowing altar of Pakellas.
    47 | D        | Found a stormy altar of Qazlal.
    47 | D        | Found an opulent altar of Gozag.
    53 | D        | Became a worshipper of Qazlal Stormbringer
   111 | D        | Reached * piety under Qazlal
   127 | D        | Noticed a worker ant
   129 | D        | Noticed a gnoll shaman
   138 | D        | Reached XP level 2. HP: 24/24 MP: 1/5
   140 | D        | Reached ** piety under Qazlal
   140 | D        | Reached skill level 4 in Unarmed Combat
   140 | D        | Reached skill level 1 in Invocations
   148 | D        | Reached XP level 3. HP: 30/30 MP: 2/6
   164 | D        | Slain by a gnoll shaman

Vault maps used:
D:        pitsprint

Action                   || total
-------------------------++-------
Melee: Unarmed           ||    38
 Cast: Beastly Appendage ||     5
  Use: Potion            ||     2
